Flaenia the Unfeathered, neutral female gnomish Cavewoman --- --- --.-----.-- --- --- ---.........| --.---..| --- ----- |..........---- --.......| -- -..| |...| --- --- |.............|----........-- .. .. |...--- |.---.--- ---.............--............| -.--.- |.|...| |.......-- |....>.--.-----.*........--...| |.@..| |.|--.----........-- |......||.| ---..-.........-- -------a.------ |.| |..............| --.....-|.| |.............| ---.|...........-- |.| |*............-- --.....|.| --............-- --........--......| |.| --............--- --..--..| |.............| |................-- |.| ---.--.........| ---..| -.| --............-- --......|.--.--..| |.| ------..--...| |....---.-----.....<....----- --...%---| -- --- |.| |.---------....%...).%................| --.......| |.|----- ---|.| |......---...------....|...--.--- --...----.--- |.|.*||. |..|%| ---.|....| ---..-- ---..|--.|....| |....| |...| |.|..||.......----|...|....| |...-- ---- |....#.----....-- ---.-- |....|--.......|..|.--|....| |....-- |..-#|..........- |..- |...-- --...........| ##-..# ----..| #-## --..--..--..| ---.. --.-- ------------- -#- --.| * # -------- ..| -.| --- ##%**##*# --- -- Flaenia the Unfeathered the Aborigine Experience level: 5 Strength: 18/01 Dexterity: 14 Constitution: 18 Intelligence: 8 Wisdom: 9 Charisma: 7 Health: 0(48) Energy: 17(17) Def: 7 Gold: 173 Moves: 1803 Dungeon seed: XRjJ8X_w4hen0EH4 Game ID: Flaenia the Unfeathered_1530219198 Your Inventory: Coins $ - 173 gold pieces Weapons a - an uncursed +1 club (weapon in hand) b - an uncursed +2 sling (alternate weapon; not wielded) Y - an uncursed +0 elven dagger Armor r - an uncursed +0 orcish helm (being worn) y - an uncursed +0 dwarvish mithril-coat (being worn) Comestibles h - an uncursed food ration Scrolls f - an uncursed scroll of light j - an uncursed scroll of confuse monster X - a cursed scroll of identify Potions d - a blessed potion of paralysis i - 2 uncursed potions of confusion Z - a cursed potion of sickness Rings c - a cursed ring of polymorph control (on left hand) Tools e - an uncursed skeleton key g - an uncursed tin whistle x - an uncursed towel Gems k - 18 uncursed flint stones (in quiver) n - 28 uncursed rocks Spells and supernatural/magical abilities: Name Level Category Fail Memory W - pray for help -- divine ? -- Your skills at the end: Fighting Skills bare handed combat [Basic] Weapon Skills club [Basic] sling [Basic] Spellcasting Skills Final Attributes: You were piously aligned. You were confused. You had infravision. You had polymorph control. You were lucky. You are dead. Vanquished creatures: a soldier ant a gray ooze 4 orc zombies 3 dwarf zombies an iguana a coyote a hobbit a hobgoblin a brown mold a yellow mold a green mold a Keystone Kop a gnome zombie 2 geckos 6 jackals 4 kobolds 2 goblins 5 sewer rats a bat 6 lichens 3 kobold zombies 6 newts 53 creatures vanquished. Voluntary challenges: You used a wielded weapon 57 times, starting on turn 106. You read items or engraved 3 times, starting on turn 975. You never genocided any monsters. You never polymorphed an object. You never changed form. You used no wishes. You never split a pudding. You never wrote Elbereth's name. You never violated your personal moral code. Dungeon overview: The Dungeons of Doom: levels 1 to 4 Level 1 a long staircase Level 2 a fountain Level 3 a scroll shop Level 4 (angry kops above) a potion shop, a sink stairs to The Gnomish Mines The Gnomish Mines: levels 5 to 7 Level 5 stairs to The Dungeons of Doom Level 6 Level 7 <- You were here History has recorded: On T:1 you entered the Dungeons of Doom to retrieve the Amulet of Yendor! On T:386 you reached level 2 of The Dungeons of Doom. On T:388 you advanced to experience level 2. On T:550 you advanced to experience level 3. On T:633 you reached level 3 of The Dungeons of Doom. On T:1013 you reached level 4 of The Dungeons of Doom. On T:1408 you advanced to experience level 4. On T:1440 you reached level 1 of The Gnomish Mines. On T:1509 you reached level 2 of The Gnomish Mines. On T:1577 you reached level 3 of The Gnomish Mines. On T:1738 you advanced to experience level 5. Score breakdown: Gold: 173 ( 7621 points) Experience: 5 levels (11141 points) Exploration: 7 levels ( 14.89%) (10834 points) Discoveries: 23 items ( 7.69%) ( 8320 points) Valuables value: (no points given unless you survive) Artifact value: 0 ( 0 points) Variety of kills: 22 monsters ( 5.77%) ( 7208 points) Turncount: 1803 turns ( 0 points) Survival: died (score multiplied by 80%) Total score: 36099 Latest messages: You hit the soldier ant! The soldier ant misses. The soldier ant stings! You miss the soldier ant. The soldier ant bites! The soldier ant stings! The soldier ant bites! The soldier ant stings! You kill the soldier ant! You see here a soldier ant corpse. You kill the brown mold! You see here a brown mold corpse. Blecch! Rotten food! You feel rather light headed. You stop eating. The soldier ant misses. The soldier ant stings! You hit the soldier ant! The soldier ant bites! The soldier ant stings! You die... Final status: Goodbye Flaenia the Unfeathered the Cavewoman, killed by a soldier ant... You died in The Gnomish Mines on dungeon level 7 with 36099 points, and 173 pieces of gold, after 1803 moves. You were level 5 with a maximum of 48 hit points when you died.